 Dungeon Crawl Stone Soup version 0.17-a0-1802-g9847487 (webtiles) character file.

87 Leibowitz the Skirmisher (level 4, -3/55 HPs)
             Began as a Demonspawn Berserker on Sept 11, 2015.
             Was a Believer of Trog.
             Slain by Grinder (6 damage)
             ... on level 3 of the Dungeon.
             The game lasted 00:04:59 (2641 turns).

Leibowitz the Skirmisher (Demonspawn Berserker)     Turns: 2641, Time: 00:04:59

Health: -3/55      AC:  4    Str: 23    XL:     4   Next: 28%
Magic:  4/4        EV: 14    Int:  9    God:    Trog [**....]
Gold:   88         SH:  0    Dex: 12    Spells: 0 memorised, 3 levels left

rFire  . . .     SeeInvis .     a - +0 hand axe
rCold  . . .     Clarity  .     b - +0 animal skin
rNeg   . . .     SustAt   .     (no shield)
rPois  .         Gourm    .     (helmet restricted)
rElec  .         Spirit   .     l - +1 cloak
rCorr  .         Warding  .     (no gloves)
rMut   .         Stasis   .     (no boots)
MR     .....                    (no amulet)
Stlth  ..........               (no ring)
                                (no ring)

@: berserking, very quick, not resistant to hostile enchantments, extremely
unstealthy
A: antennae 1, repulsion field 1
a: Burn Spellbooks, Berserk, Trog's Hand, Renounce Religion


You were on level 3 of the Dungeon.
You worshipped Trog.
Trog was pleased with you.
You were hungry.

You visited 1 branch of the dungeon, and saw 3 of its levels.

You collected 88 gold pieces.

Inventory:

Hand weapons
 a - a +0 hand axe (weapon)
Armour
 b - a +0 animal skin (worn)
 l - a +1 cloak (worn)
Jewellery
 k - an uncursed ring of ice
Scrolls
 g - 2 scrolls of remove curse {unknown}
 j - a scroll of enchant weapon {unknown}
 m - a scroll of amnesia {unknown}
 n - a scroll of teleportation {unknown}
 o - a scroll of identify {unknown}
 p - a scroll of fear {unknown}
Potions
 e - a potion of flight {unknown}
 f - 3 potions of curing {unknown}
 h - a potion of degeneration {unknown}
 i - a potion of ambrosia {unknown}
 r - a potion of mutation {unknown}
Comestibles
 c - 2 bread rations
 d - 3 meat rations
 q - a slice of pizza


   Skills:
 + Level 3.8 Fighting
 + Level 3.4 Axes
 + Level 1.9 Armour
 + Level 2.6 Dodging
 + Level 0.2 Stealth


You had 3 spell levels left.
You didn't know any spells.

Dungeon Overview and Level Annotations

Branches:
Dungeon (3/15)

Altars:

Annotations:
D:3 Grinder


Innate Abilities, Weirdness & Mutations

You have a pair of small antennae on your head.
You are surrounded by a mild repulsion field (EV +2).


Message History

You hit Grinder.
Grinder is moderately wounded.
Grinder hits you.
You writhe in agony.
* * * LOW HITPOINT WARNING * * *
You hit Grinder.
Grinder is heavily wounded.
Grinder hits you.
* * * LOW HITPOINT WARNING * * *
You writhe in agony.
* * * LOW HITPOINT WARNING * * *
You hit Grinder.
Grinder is heavily wounded.
Grinder says, "There's only one good use for a tongue: cutting it out."
Grinder barely misses you.
You barely miss Grinder.
Grinder is heavily wounded.
Grinder hits you.
* * * LOW HITPOINT WARNING * * *
You writhe in agony.
You die...

##.#########
............
##.#.####### ###
.#.......... ..#
.###.####### #.#
.# #.# #.. ...
.###+###.#######.#
.##...##.#.....#5#
..#...##.#.###.#@#
#.#...##.#...#.#.#
.........###.#.#.#
............<..#.#
##.#.###########.#
.................#
###..#############
....># { ######


You could see Grinder.

Vanquished Creatures
  A gnoll (D:1)
  3 adders
  An ooze (D:1)
  3 giant geckos
  6 bats
  4 giant cockroaches
  5 hobgoblins
  8 kobolds
  A quokka (D:2)
  7 goblins
  6 rats
45 creatures vanquished.

Notes
Turn   | Place    | Note
--------------------------------------------------------------
     0 | D:1      | Leibowitz the Demonspawn Berserker began the quest for the Orb.
     0 | D:1      | Reached XP level 1. HP: 18/18 MP: 1/1
   132 | D:1      | Gained mutation: You are surrounded by a mild repulsion field (EV +2). [demonic ancestry]
   132 | D:1      | Reached XP level 2. HP: 8/24 MP: 2/2
   842 | D:1      | Reached XP level 3. HP: 11/29 MP: 3/3
  1423 | D:2      | Acquired Trog's second power
  2180 | D:3      | Gained mutation: You have a pair of small antennae on your head. [demonic ancestry]
  2180 | D:3      | Reached XP level 4. HP: 33/37 MP: 4/4
  2628 | D:3      | Noticed Grinder
  2630 | D:3      | Paralysed by Grinder for 2 turns
  2641 | D:3      | Slain by Grinder

Vault maps used:
D:1:      evilmike_arrival_rings
D:2:      grunt_decor_fettered, minivault_14
D:3:      uniq_grinder

Action                   |  1- 3 |  4- 6 || total
-------------------------+-------+-------++-------
Melee: Hand axe          |   114 |    26 ||   140
Invok: Berserk           |     1 |     1 ||     2
 Stab: Sleeping          |     2 |       ||     2
  Eat: Chunk             |     5 |     1 ||     6
